 Dungeon Crawl Stone Soup version 0.26-a0-649-gf8c6c3aab7 (webtiles) character file.

Game seed: 9919522687625272942

118 DogServant the Stinger (level 5, -2/42 HPs)
             Began as a Naga Venom Mage on Sept 26, 2020.
             Slain by an ogre
             ... wielding a +0 giant spiked club
              (15 damage)
             ... on level 4 of the Dungeon.
             The game lasted 00:07:01 (3506 turns).

DogServant the Stinger (Naga Venom Mage)            Turns: 3506, Time: 00:07:02

Health: -2/42      AC:  3    Str: 10    XL:     5   Next: 2%
Magic:  7/8        EV: 10    Int: 23    God:
Gold:   119        SH:  0    Dex: 11    Spells: 2/8 levels left

rFire    . . .     SeeInvis +   s - +1 dagger (vamp)
rCold    . . .     Faith    .   (no shield)
rNeg     . . .     Spirit   .   a - +0 robe
rPois    +         Reflect  .   (no helmet)
rElec    .         Harm     .   (no cloak)
rCorr    .         Rampage  .   o - +0 pair of gloves
MR       .....                  (no barding)
Stlth    ++........             (no amulet)
HPRegen  0.14/turn              (no ring)
MPRegen  0.11/turn              u - +6 ring of intelligence

@: very slow
A: large, see invisible, deformed body, poison resistance, slowness 2, spit
poison 1, AC +1
a: Spit Poison


You were on level 4 of the Dungeon.
You visited 1 branch of the dungeon, and saw 4 of its levels.

You collected 119 gold pieces.

Inventory:

Hand Weapons
 j - a +0 dagger
 r - a +1 dagger of venom
 s - a +1 vampiric dagger (weapon)
Armour
 a - a +0 robe (worn)
 f - a +0 leather armour
 o - a +0 pair of gloves (worn)
Jewellery
 u - a +6 ring of intelligence (right hand)
 w - an uncursed ring of poison resistance {unknown}
Scrolls
 h - 3 scrolls of remove curse
 i - a scroll of amnesia {unknown}
 k - 3 scrolls of random uselessness {unknown}
 l - a scroll of fear {unknown}
 m - a scroll of teleportation {unknown}
 n - a scroll of fog {unknown}
 v - a scroll of noise {unknown}
Potions
 b - a potion of flight
 c - a potion of resistance
 d - a potion of invisibility {unknown}
 e - a potion of lignification {unknown}
 g - 2 potions of curing {unknown}
 p - a potion of heal wounds {unknown}
 q - a potion of stabbing {unknown}
 t - a potion of brilliance {unknown}


   Skills:
 - Level 1.5 Dodging
 - Level 4.2 Stealth
 - Level 2.3 Spellcasting
 + Level 2.8 Transmutations
 + Level 5.4 Poison Magic


You had 2 spell levels left.
You knew the following spells:

 Your Spells              Type           Power        Failure   Level
a - Sting                 Tmut/Pois      ###.         2%          1
b - Poisonous Vapours     Pois/Air       ###...       6%          2
c - Ignite Poison         Fire/Tmut/Pois ###.....     12%         3

Your spell library contained the following spells:

 Spells                   Type           Power        Failure   Level
 Olgreb's Toxic Radiance  Pois           ####....     13%         4
 Mephitic Cloud           Conj/Pois/Air  ##......     19%         3


Dungeon Overview and Level Annotations

Branches:
Dungeon (4/15)
 Temple: D:4-7

Altars:
Elyvilon
Gozag
Nemelex Xobeh
Vehumet
Xom
Zin


Innate Abilities, Weirdness & Mutations

You cannot wear boots.
Your serpentine skin is tough. (AC +1)
You have supernaturally acute eyesight. (SInv)
Armour fits poorly on your strangely shaped body.
Your system is resistant to poisons. (rPois)
You cover ground very slowly.
You can spit poison.


Message History

The adder bites you but does no damage. The adder bites you.
The adder closely misses you.
You kill the adder!
You have reached level 5!
The ogre closely misses you. The ogre closely misses you. The ogre misses you.
Okay, then.
Casting: Sting (safe; 2% risk of failure)
Confirm with . or Enter, or press ? or * to list all spells.
Aiming: Sting (safe; 2% risk of failure)
Press: ? - help, Shift-Dir - straight line, f - ogre
Aim: an ogre, wielding a +0 giant spiked club The sting hits the ogre.
The ogre is poisoned.
The ogre is moderately wounded.
The ogre hits you with a +0 giant spiked club!
* * * LOW HITPOINT WARNING * * *
The ogre hits you with a +0 giant spiked club!
You die...

#.♣#♣#♣#♣).. #.#
##.###.# . #.#
#...#.# #.#
#.#.#.# ... #.#
#.#.#.#
##♣.♣####.#
#.>...#
#.♣.♣..##.#
###.###
#.♣.♣#.##.# #.#
#.♣.♣#.##.#
#.#####.♣.♣..@<.#
#....##.♣.♣#O####
####......##.#
####......#
########


You could see an ogre (poisoned).

Vanquished Creatures
  An orc wizard (D:3)
  4 adders
  A worm (D:3)
  A dart slug (D:2)
  A leopard gecko (D:1)
  3 orcs
  2 giant cockroaches (D:1)
  3 goblins
  6 hobgoblins
  2 jackals (D:1)
  2 quokkas (D:2)
  7 bats
  2 frilled lizards
  7 kobolds
  3 rats
45 creatures vanquished.

Notes
Turn   | Place    | Note
-------+----------+-------------------------------------------
     0 | D:1      | DogServant the Naga Venom Mage began the quest for the Orb.
     0 | D:1      | Reached XP level 1. HP: 15/15 MP: 3/3
   247 | D:1      | Reached XP level 2. HP: 15/22 MP: 5/5
  1359 | D:1      | Reached XP level 3. HP: 24/28 MP: 4/6
  1953 | D:2      | Found a white marble altar of Elyvilon.
  1958 | D:2      | Found an opulent altar of Gozag.
  2257 | D:2      | Found a shimmering altar of Xom.
  2257 | D:2      | Found a radiant altar of Vehumet.
  2257 | D:2      | Found a sparkling altar of Nemelex Xobeh.
  2257 | D:2      | Found a glowing silver altar of Zin.
  2385 | D:3      | Reached XP level 4. HP: 25/36 MP: 1/7
  2469 | D:3      | Learned a level 2 spell: Poisonous Vapours
  2473 | D:3      | Learned a level 3 spell: Ignite Poison
  2627 | D:3      | Reached skill level 5 in Poison Magic
  3476 | D:4      | Noticed an ogre
  3491 | D:4      | Reached XP level 5. HP: 25/42 MP: 5/8
  3506 | D:4      | Slain by an ogre

Illustrated notes

Levels and vault maps discovered:
D:1:      grunt_arrival_lava_bath, layout_rooms, dk_noncrumbling_2
D:2:      layout_basic, chequers_temple_overflow_statue_of_worship,
          amethyst_overflow_temple_binary, serial_forest,
          infiniplex_forest_clump_tiny, infiniplex_forest_clump_double,
          infiniplex_forest_lined_3
D:3:      layout_loops_ring
D:4:      layout_loops_cross, minmay_temple_entry_overgrown, serial_forest,
          infiniplex_forest_lined_corner, infiniplex_forest_end_3,
          infiniplex_forest_clump_tiny, infiniplex_forest_side_room,
          infiniplex_forest_lined_room_2, infiniplex_forest_straight_2,
          infiniplex_forest_lined_3, infiniplex_forest_straight_3,
          infiniplex_forest_straight_2, infiniplex_forest_end_3

Skill      XL: |  1  2  3  4 |
---------------+-------------+-----
Stealth        | 4 |  4.2
Transmutations | 2 |  2.8
Poison Magic   | 5 |  5.4
Dodging        | |  1.5
Spellcasting   | |  2.3

Action                   |  1- 3 |  4- 6 || total
-------------------------+-------+-------++-------
Melee: Unarmed           |    39 |       ||    39
       Dagger            |    25 |    50 ||    75
 Cast: Sting             |    39 |    14 ||    53
       Poisonous Vapours |       |     3 ||     3
  Use: Scroll            |     2 |     1 ||     3
 Stab: Sleeping          |     2 |     2 ||     4
Armor: Robe              |    21 |    47 ||    68
Dodge: Dodged            |    46 |    77 ||   123

Table legend: (Time is in decaauts)
 A = Elapsed time spent in this place.
 B = Non-inter-level travel time spent in this place.
 C = Inter-level travel time spent in this place.
 D = Time resting spent in this place.
 E = Time spent auto-exploring this place.
 F = Levels seen in this place.
 G = Mean time per level.
                   A        B        C        D        E       F      G
               +--------+--------+--------+--------+--------+-----+--------+
         Total |   4173 |   4094 |     79 |    516 |   3000 |   4 | 1043.2 |
       Dungeon |   4173 |   4094 |     79 |    516 |   3000 |   4 | 1043.2 |
               +--------+--------+--------+--------+--------+-----+--------+

Top non-repeatable levels by time:
     D:1: 1614 daAuts
     D:3: 1254 daAuts
     D:2: 1228 daAuts
     D:4: 76 daAuts
